 Dungeon Crawl Stone Soup version 0.29-a0-757-g358383bc75 (webtiles) character file.

Game seed: 2021103094988366108

165 coolguy69 the Sneak (level 5, -7/28 HPs)
             Began as a Vine Stalker Monk on July 1, 2022.
             Killed by divine providence
             ... invoked by an orc priest
              (14 damage)
             ... on level 4 of the Dungeon.
             The game lasted 00:03:03 (3195 turns).

coolguy69 the Sneak (Vine Stalker Monk)             Turns: 3195, Time: 00:03:03

Health: -7/28      AC:  3    Str: 13    XL:     5   Next: 46%
Magic:  0/2        EV: 13    Int: 10    God:
Gold:   151        SH:  0    Dex: 19    Spells: 4/4 levels left

rFire   . . .      SeeInvis .   b - +10 dagger "Suofyhofei" {antimagic, Drain Will++ rCorr Stlth+}
rCold   . . .      Faith    .   (no shield)
rNeg    . . .      Spirit   +   k - +0 leather armour
rPois   .          Reflect  .   (no helmet)
rElec   .          Harm     .   o - scarf {repulsion}
rCorr   +          Rampage  .   (no gloves)
Will    +++..                   (no boots)
Stlth   ++++......              h - amulet of regeneration
HPRegen 1.69/turn               f - ring of willpower
MPRegen 0.08/turn               (no ring)

@: repel missiles
A: fangs 2, regeneration 1, magic shield, antimagic bite, no potion heal 2
a: no special abilities


You were on level 4 of the Dungeon.
You visited 1 branch of the dungeon, and saw 4 of its levels.

You collected 151 gold pieces.

Inventory:

Hand Weapons
 a - a +0 short sword
 b - the +10 dagger "Suofyhofei" (weapon) {antimagic, Drain Will++ rCorr Stlth+}
   (You found it on level 2 of the Dungeon)

   It reduces the magical energy of the wielder, and disrupts the spells and
   magical abilities of those it strikes.
   Natural abilities and divine invocations are not affected.
   rCorr:     It protects you from acid and corrosion.
   Drain:     It drains your maximum health when unequipped.
   Will:      It greatly increases your willpower.
   Stlth:     It makes you more stealthy.
Armour
 k - a +0 leather armour (worn)
 o - a scarf of repulsion (worn)
Jewellery
 f - a ring of willpower (left hand)
 h - an amulet of regeneration (around neck)
 q - an amulet of magic regeneration
 s - a ring of resist corrosion
Wands
 u - a wand of light (12)
Scrolls
 e - a scroll of torment {unknown}
 i - 4 scrolls of enchant armour {unknown}
 j - 6 scrolls of identify {unknown}
 l - 2 scrolls of noise {unknown}
 p - a scroll of immolation {unknown}
 r - a scroll of magic mapping {unknown}
 t - a scroll of poison {unknown}
Potions
 c - a potion of ambrosia
 d - 2 potions of brilliance {unknown}
 g - 2 potions of heal wounds {unknown}
 m - 2 potions of curing {unknown}
 n - a potion of invisibility {unknown}


   Skills:
 + Level 3.4 Fighting
 + Level 3.7 Short Blades
 + Level 1.0 Armour
 + Level 2.9 Dodging
 + Level 3.9 Stealth


You had 4 spell levels left.
You didn't know any spells.
Your spell library contained the following spells:

 Spells                   Type           Power      Damage    Failure   Level
 Freeze                   Ice            0%         1d3       43%         1
 Blink                    Tloc           0%         N/A       58%         2
 Frozen Ramparts          Ice            0%         1d2       82%         3
 Lesser Beckoning         Tloc           0%         N/A       82%         3
 Hailstorm                Conj/Ice       0%         3d3       99%         4
 Manifold Assault         Tloc           0%         N/A       100%        5


Dungeon Overview and Level Annotations

Branches:
Dungeon (4/15)
 Temple: D:4-7

Altars:
Sif Muna
Vehumet

Shops:
D:3 (


Innate Abilities, Weirdness & Mutations

You have extremely sharp teeth.
Your natural rate of healing is unusually fast.
When hurt, damage is shared between your health and your magic reserves.
Your bite disrupts and absorbs the magic of your enemies.
Potions cannot restore your health.


Message History

The orc priest is lightly wounded.
The orc hits you with a +0 hand axe.
The orc priest hits you with a +0 vorpal hand axe.
The orc hits you but does no damage.
You hit the orc priest.
The orc priest is moderately wounded.
The orc misses you.
The orc priest hits you with a +0 vorpal hand axe.
The orc hits you but does no damage.
You hit the orc priest.
You bite the orc priest, but do no damage.
The orc priest is heavily wounded.
The orc barely misses you.
The orc priest looks encouraged for a moment.
The orc hits you with a +0 club.
You hit the orc priest.
The orc priest is severely wounded.
The orc hits you with a +0 hand axe.
The orc priest hits you with a +0 vorpal hand axe.
The orc hits you with a +0 club.
* * * LOW HITPOINT WARNING * * *
You are too injured to fight recklessly!
You are too injured to fight recklessly!
You are too injured to fight recklessly!
You are too injured to fight recklessly!
You are too injured to fight recklessly!
You are too injured to fight recklessly!
You are too injured to fight recklessly!
You are too injured to fight recklessly!
You hit the orc priest but do no damage.
The orc priest is severely wounded.
You hit the orc priest but do no damage.
You bite the orc priest, but do no damage.
The orc priest is severely wounded.
The orc hits you with a +0 hand axe.
* * * LOW HITPOINT WARNING * * *
The orc priest mumbles some strange prayers to Beogh against you.
Beogh smites you!
Ouch! That really hurt!
You die...

......... .......
...... ....[ ...##
...# #oo## #@o(##
##...# ##..## ##..#
######### ####.##
###.......######....#
..........##.......##
....................#
....†....P.PPPPP.P..#


You could see an orc priest and 2 orcs.

Vanquished Creatures
  Natasha (thrice) (D:2)
  4 adders
  A worm (D:2)
  2 orcs (D:4)
  3 bats (D:1)
  5 endoplasms
  6 goblins
  8 hobgoblins
  2 quokkas (D:1)
  5 ball pythons
  3 frilled lizards
  6 kobolds
  4 rats
52 creatures vanquished.

Vanquished Creatures (others)
  A fungus (D:4)
1 creature vanquished.

Grand Total: 53 creatures vanquished

Notes
Turn   | Place    | Note
-------+----------+-------------------------------------------
     0 | D:1      | coolguy69 the Vine Stalker Monk began the quest for the
                  | Orb.
     0 | D:1      | Reached XP level 1. HP: 11/11 MP: 2/2
   231 | D:1      | Reached XP level 2. HP: 5/16 MP: 3/3
  1483 | D:1      | Reached XP level 3. HP: 17/20 MP: 4/4
  1917 | D:2      | Identified the +10 dagger "Suofyhofei" {antimagic, Drain
                  | Will++ rCorr Stlth+}
  1924 | D:2      | Noticed Natasha
  1935 | D:2      | Killed Natasha
  1936 | D:2      | Gained mutation: Your natural rate of healing is unusually
                  | fast. [Vine Stalker growth]
  1936 | D:2      | Reached XP level 4. HP: 19/24 MP: 1/5
  2479 | D:2      | Noticed Natasha
  2498 | D:2      | Killed Natasha
  2508 | D:2      | Noticed Natasha
  2515 | D:2      | Killed Natasha
  2516 | D:2      | Reached XP level 5. HP: 28/28 MP: 2/6
  2693 | D:3      | Found a faded altar of an unknown god.
  2771 | D:3      | Found Emyrphat's Weapon Boutique.
  2952 | D:3      | Found a radiant altar of Vehumet.
  3099 | D:4      | Reached skill level 1 in Armour
  3138 | D:4      | Found a shimmering blue altar of Sif Muna.
  3195 | D:4      | Killed from afar by an orc priest

Illustrated notes

Levels and vault maps discovered:
D:1:      dpeg_arrival_simpleton_a, layout_basic, st_stairs_14
D:2:      layout_basic, minmay_misc_feat_rugged, kennysheep_crisscross,
          uniq_natasha
D:3:      layout_rooms, mainiacjoe_overflow_concentric_impassable,
          shapermc_ecumenical_altar_mp_urbaneastern, serial_shops, shop
D:4:      layout_cave_pods, marbit_many_paths,
          mainiacjoe_overflow_cross_hatched, serial_shops, shop,
          gammafunk_ghost_necromancy

Skill      XL: |  1  2  3  4  5 |
---------------+----------------+-----
Fighting       | 3 |  3.4
Short Blades   | 3 |  3.7
Stealth        | 3 |  3.9
Armour         | 1 |  1.0
Dodging        | |  2.9

Action                   |  1- 3 |  4- 6 || total
-------------------------+-------+-------++-------
Melee: Short sword       |    80 |       ||    80
       Bite              |    16 |     8 ||    24
       Punch             |     1 |       ||     1
       Dagger            |     8 |    47 ||    55
 Stab: Sleeping          |     3 |     7 ||    10
Armor: Robe              |     4 |       ||     4
       Leather armour    |     7 |     3 ||    10
Dodge: Dodged            |    54 |    23 ||    77

Table legend: (Time is in decaauts)
 A = Elapsed time spent in this place.
 B = Non-inter-level travel time spent in this place.
 C = Inter-level travel time spent in this place.
 D = Time resting spent in this place.
 E = Time spent auto-exploring this place.
 F = Levels seen in this place.
 G = Mean time per level.
                   A        B        C        D        E       F      G
               +--------+--------+--------+--------+--------+-----+--------+
         Total |   3182 |   3062 |    120 |    307 |   2359 |   4 |  795.5 |
       Dungeon |   3182 |   3062 |    120 |    307 |   2359 |   4 |  795.5 |
               +--------+--------+--------+--------+--------+-----+--------+

Top non-repeatable levels by time:
     D:1: 1807 daAuts
     D:2: 747 daAuts
     D:3: 533 daAuts
     D:4: 94 daAuts
